AoeStats
← Reis

MegaRandom

507111777Analyzed
4v4 RM · 16d ago on Sep 16, 2026· 39m 4s· 8 players
Game mode
Random Map
Map size
Large (8 player)
Population
200
Speed
Normal
Resources
Standard
Victory
Conquest
Starting age
Dark Age
Ending age
Imperial Age
RankedLock teamsTeams togetherTeam positionsShared explorationLock speedFull tech treeHidden civsTurbo modeCheats
Victory
Defeat
🇨🇴 Vietnamese · Colombia
1348
+15
🇨🇱 Mongols · Chile
1326
+16
🇹🇷 Berbers · Türkiye
1278
+18
🇨🇭 Bulgarians · Switzerland
1277
+18
🇷🇺 Malians · Russia
1333
-17
🇷🇴 Italians · Romania
1328
-17
🇩🇪 Goths · Germany
1321
-17
🇨🇳 Muisca · China
1309
-16
天上的曼巴流泪
0:50 Loom
9:48 Feudal Age
10:14 Champi Runner
12:01 Scale Mail Armor
16:16 Forging
22:48 Castle Age
22:58 Pikeman
24:00 Chain Mail Armor
23:46 Stone Mining
24:51 Champi Warrior
PAX
Moa
1:01 Loom
9:07 Feudal Age
21:25 Fletching
DerAbwurster
3:11 Loom
10:11 Feudal Age
14:45 Castle Age
13:28 Fishing Lines
13:38 Double-Bit Axe
14:01 Horse Collar
15:44 Bow Saw
18:27 Wheelbarrow
18:12 Scale Mail Armor
19:15 Anarchy
19:52 Squires
24:02 Chain Mail Armor
25:34 Town Watch
27:31 Forging
28:50 Gold Mining
28:54 Stone Mining
28:51 Pikeman
30:24 Iron Casting
31:15 Hand Cart
33:08 Heavy Plow
36:33 Imperial Age
38:20 Blast Furnace
37:12 Fletching
37:33 Halberdier
tirtil
0:40 Loom
9:23 Feudal Age
13:48 Castle Age
12:26 Double-Bit Axe
12:35 Horse Collar
16:04 Bow Saw
18:57 Wheelbarrow
18:14 Town Watch
21:45 Hand Cart
21:30 Town Patrol
21:40 Heavy Plow
28:19 Imperial Age
26:44 Scale Mail Armor
26:54 Forging
26:53 Scale Barding Armor
27:21 Forging
27:12 Scale Mail Armor
27:28 Squires
27:14 Arson
27:50 Chain Barding Armor
29:15 Iron Casting
29:10 Bloodlines
29:01 Husbandry
28:34 Cavalier
30:03 Plate Barding Armor
30:28 Blast Furnace
30:17 Crop Rotation
31:27 Blast Furnace
31:03 Fletching
31:39 Conscription
32:03 Bodkin Arrow
33:07 Gold Mining
33:08 Stone Mining
zularombr
0:30 Loom
8:52 Feudal Age
20:55 Fletching
24:00 Double-Bit Axe
26:06 Horse Collar
26:32 Man-at-Arms
28:13 Scale Mail Armor
28:23 Forging
31:00 Arson
34:29 Castle Age
32:46 Fishing Lines
35:31 Chain Mail Armor
34:39 Long Swordsman
35:20 Squires
36:41 Iron Casting
Thanos_Car
7:35 Feudal Age
8:16 Double-Bit Axe
9:21 Loom
10:21 Horse Collar
11:41 Town Watch
13:48 Wheelbarrow
22:42 Castle Age
25:34 Hand Cart
25:34 Husbandry
25:46 Bloodlines
30:00 Scale Barding Armor
30:05 Forging
Reis
0:31 Loom
9:53 Feudal Age
11:29 Double-Bit Axe
15:36 Castle Age
13:43 Fishing Lines
15:41 Bloodlines
16:29 Scale Barding Armor
19:21 Gillnets
20:27 Fletching
20:50 Horse Collar
21:35 Forging
21:23 Bodkin Arrow
24:40 Forging
26:38 Wheelbarrow
Connection lost

Rejoining the realm…

Still unreachable

The connection could not be restored.

Session expired

The server has moved on; the page needs a fresh start.